 Dungeon Crawl Stone Soup version 0.31-a0-636-ge1c0e020e0 (webtiles) character file.

Game seed: 2334353411287640721

119 Twinkles the Chopper (level 4, -2/41 HPs)
             Began as a Minotaur Berserker on Aug 26, 2023.
             Was a Follower of Trog.
             Slain by an iguana (6 damage)
             ... on level 4 of the Dungeon.
             The game lasted 00:01:44 (1022 turns).

Twinkles the Chopper (Minotaur Berserker)           Turns: 1022, Time: 00:01:44

Health: -2/41      AC:  9    Str: 23    XL:     4   Next: 74%
Magic:  3/3        EV:  9    Int:  4    God:    Trog [*.....]
Gold:   81         SH:  0    Dex: 10    Spells: 3/3 levels left

rFire   . . .        c - +0 dagger (vamp)
rCold   . . .        (no shield)
rNeg    . . .        f - +0 chain mail
rPois   .            (helmet restricted)
rElec   .            k - scarf {+Inv}
rCorr   .            (no gloves)
SInv    .            (no boots)
Will    .....        (no amulet) Stlth
                     (no ring)
HPRegen 0.26/turn    (no ring)
MPRegen 0.08/turn

%: no passive effects
@: on berserk cooldown
A: horns 2, retaliatory headbutt
a: Renounce Religion, Evoke Invisibility, Berserk


You were on level 4 of the Dungeon.
You worshipped Trog.
Trog was aware of your devotion.
You visited 1 branch of the dungeon, and saw 3 of its levels.

You collected 81 gold pieces.

Inventory:

Hand Weapons
 a - a +0 hand axe
 c - a +0 vampiric dagger (weapon)
Armour
 b - a +0 animal skin
 f - a +0 chain mail (worn)
 k - a scarf of invisibility (worn)
Jewellery
 h - a ring of fire
Scrolls
 d - a scroll of identify {unknown}
 e - a scroll of fog {unknown}
 j - a scroll of enchant weapon {unknown}
Potions
 g - a potion of haste {unknown}
 i - a potion of resistance {unknown}


   Skills:
 + Level 4.5 Fighting
 + Level 4.5 Axes
 + Level 3.7 Armour
 + Level 3.3 Dodging


You had 3 spell levels left.
You didn't know any spells.
Your spell library was empty.

Dungeon Overview and Level Annotations

Branches:
Dungeon (2/15) Zot: 16970

Altars:
Hepliaklqana


Innate Abilities, Weirdness & Mutations

You have a pair of horns on your head.
You reflexively headbutt those who attack you in melee.


Message History

The adder bites you but does no damage. The adder barely misses you.
You miss the adder.
The adder is lightly wounded.
The adder bites you but does no damage.
The iguana hisses menacingly.
The adder barely misses you. You furiously retaliate!
You headbutt the adder!
You kill the adder!
Trog accepts your kill.
You barely miss the iguana.
The iguana hisses menacingly.
The iguana bites you! x2
* * * LOW HITPOINT WARNING * * *
You hit the iguana but do no damage.
The iguana bites you but does no damage.
You hit the iguana but do no damage. The iguana barely misses you.
The iguana bites you but does no damage.
You closely miss the iguana.
The iguana hisses menacingly.
The iguana bites you but does no damage.
You hit the iguana but do no damage. The iguana closely misses you.
You furiously retaliate!
You headbutt the iguana, but do no damage.
The iguana barely misses you.
You hit the iguana but do no damage.
You feel yourself speed up. The iguana barely misses you.
You barely miss the iguana. You headbutt the iguana.
The iguana is moderately wounded.
The iguana bites you but does no damage.
You hit the iguana but do no damage. You headbutt the iguana.
The iguana is heavily wounded.
The iguana bites you but does no damage.
You barely miss the iguana. You headbutt the iguana.
The iguana is severely wounded.
The iguana bites you!
* * * LOW HITPOINT WARNING * * *
You hit the iguana.
You feel better.
The iguana is almost dead.
The iguana bites you.
You die...

#...# #. ..... #.
.#.... .....l. #.
.#....# ..#.... #.
....#..##.....#
#.#.##.##.#...g..##
#... #l# ..........
#..# #.# .........
#@# #.# ##o.....##
##l###)###.........
#......##..##.#####
#.........## #
#...####### ##.$#
#..# #..# ####


You could see an iguana.

Vanquished Creatures
  Blork the orc (D:4)
  An adder (D:4)
  An ufetubus (D:4)
  2 dart slugs (D:1)
  3 bats (D:1)
  4 endoplasms
  A giant cockroach (D:2)
  5 goblins
  2 hobgoblins (D:1)
  3 jackals (D:1)
  2 kobolds
  4 ball pythons (D:1)
  A rat (D:1)
30 creatures vanquished.

Notes
Turn   | Place    | Note
-------+----------+-------------------------------------------
     0 | D:1      | Twinkles the Minotaur Berserker began the quest for the
                  | Orb.
     0 | D:1      | Reached XP level 1. HP: 19/19 MP: 0/0
   191 | D:1      | Reached XP level 2. HP: 23/27 MP: 1/1
   664 | D:1      | Reached XP level 3. HP: 33/33 MP: 2/2
   919 | D:2      | Found a hazy altar of Hepliaklqana.
   968 | D:2      | You fall into a shaft and drop 2 floors!
   972 | D:4      | Noticed Blork the orc
   992 | D:4      | Killed Blork the orc
   993 | D:4      | Reached XP level 4. HP: 33/41 MP: 3/3
  1013 | D:4      | HP: 7/41 [iguana (7)]
  1021 | D:4      | HP: 2/41 [iguana (8)]
  1022 | D:4      | Slain by an iguana

Illustrated notes

Levels and vault maps discovered:
D:1:      lightli_arrival_statuegarden, layout_basic, minmay_shallow_snake_nest
D:2:      layout_loops_ring, basic_altar, minmay_domino_4,
          uniq_crazy_yiuf_cottage
D:4:      layout_rooms, mainiacjoe_overflow_concentric_impassable,
          uniq_blork_the_orc

Skill      XL: |  1  2  3 |
---------------+----------+-----
Fighting       | 4 |  4.5
Axes           | 4 |  4.5
Armour         | 3 |  3.7
Dodging        | 3 |  3.3

Action                     |  1- 3 |  4- 6 || total
---------------------------+-------+-------++-------
  Melee: Dagger            |    90 |    15 ||   105
         Hand axe          |     8 |       ||     8
         Headbutt          |     9 |     3 ||    12
         Punch             |     2 |       ||     2
 Invoke: Berserk           |     1 |       ||     1
 Armour: Animal skin       |    14 |       ||    14
         Chain mail        |    24 |    14 ||    38
  Dodge: Dodged            |    70 |     8 ||    78

Table legend: (Time is in decaauts)
 A = Elapsed time spent in this place.
 B = Non-inter-level travel time spent in this place.
 C = Inter-level travel time spent in this place.
 D = Time resting spent in this place.
 E = Time spent auto-exploring this place.
 F = Levels seen in this place.
 G = Mean time per level.
                   A        B        C        D        E       F      G
               +--------+--------+--------+--------+--------+-----+--------+
         Total |   1028 |    983 |     45 |      4 |    726 |   3 |  342.7 |
       Dungeon |   1028 |    983 |     45 |      4 |    726 |   3 |  342.7 |
               +--------+--------+--------+--------+--------+-----+--------+

Top non-repeatable levels by time:
     D:1: 918 daAuts
     D:4: 60 daAuts
     D:2: 49 daAuts
